 Dungeon Crawl Stone Soup version 0.30-a0-168-g0b976cbdc4 (webtiles) character file.

Game seed: 12577194787877358203

403 qw the Chopper (level 6, -5/38 HPs)
             Began as a Gargoyle Fighter on Sept 29, 2022.
             Slain by an iron imp (7 damage)
             ... summoned by Eustachio
             ... on level 4 of the Dungeon.
             The game lasted 00:01:29 (3576 turns).

qw the Chopper (Gargoyle Fighter)                   Turns: 3576, Time: 00:01:30

Health: -5/38      AC: 13    Str: 22    XL:     6   Next: 86%
Magic:  6/6        EV:  7    Int:  8    God:
Gold:   120        SH:  9    Dex:  9    Spells: 5/5 levels left

rFire   . . .      SeeInvis .    Y - +0 war axe
rCold   . . .      Faith    .    c - +0 buckler
rNeg    + . .      Spirit   .    k - +0 chain mail
rPois   inf        Reflect  +    (no helmet)
rElec   +          Harm     .    g - scarf {repulsion}
rCorr   .          Rampage  .    (no gloves)
Will    .....                    (no boots)
Stlth   ..........               b - amulet of reflection
HPRegen 0.12/turn                (no ring)
MPRegen 0.10/turn                (no ring)

@: repel missiles
A: sickness immunity, AC +4, negative energy resistance 1, electricity
resistance, torment resistance 1, petrification resistance
a: no special abilities


You were on level 4 of the Dungeon.
You visited 1 branch of the dungeon, and saw 4 of its levels.

You collected 120 gold pieces.


Innate Abilities, Weirdness & Mutations

You are immune to sickness and miasma.
Your stone body is resilient. (AC +4)
You are immune to poison.
You resist negative energy. (rN+)
You are resistant to electric shocks. (rElec)
You are resistant to unholy torment.
You are immune to petrification.


   Skills:
 - Level 4.0 Fighting
 + Level 6.0 Axes
 - Level 3.2 Armour
 - Level 1.0 Dodging
 - Level 3.2 Shields


You had 5 spell levels left.
You didn't know any spells.
Your spell library was empty.

Inventory:

Hand Weapons
 j - a +0 whip
 Y - a +0 war axe (weapon)
Armour
 a - a +0 ring mail of fire resistance
 c - a +0 buckler (worn)
 g - a scarf of repulsion (worn)
 k - a +0 chain mail (worn)
Jewellery
 b - an amulet of reflection (around neck)
Scrolls
 o - a scroll of identify
Potions
 d - a potion of might
 e - a potion of resistance
 f - a potion of mutation {unknown}
 h - a potion of heal wounds {unknown}
 i - 3 potions of curing
 l - a potion of berserk rage {unknown}
 m - a potion of flight {unknown}

Dungeon Overview and Level Annotations

Branches:
Dungeon (4/15)
 Temple: D:4-7

Altars:

Annotations:
D:2 1 runed translucent door, Crazy Yiuf
D:4 Eustachio


Message History

The iron imp is moderately wounded.
Eustachio mumbles some strange words.
Eustachio blinks!
You block the orc's attack. You block the iron imp's attack.
You hit the iron imp but do no damage.
The iron imp is moderately wounded.
You block the orc's attack. The iron imp barely misses you.
You slash the crimson imp!
You kill the crimson imp!
The crimson imp disappears in a puff of smoke!
You hit the iron imp but do no damage.
The orc hits you from afar with a +0 trident.
You block the orc's attack.
The iron imp hits you but does no damage.
You hit the iron imp but do no damage.
The iron imp is moderately wounded.
You hit the river rat. You block the orc's attack.
You block the iron imp's attack.
You hit the iron imp.
The iron imp is severely wounded.
You closely miss the river rat. You hit the rat.
You block the river rat's attack. The rat bites you but does no damage.
The orc hits you but does no damage.
The river rat bites you but does no damage.
The rat bites you but does no damage.
The iron imp hits you but does no damage.
You hit the iron imp but do no damage.
The iron imp is severely wounded.
You slash the river rat! You hit the rat.
You kill the rat!
The rat's corpse disappears in a puff of smoke!
You block the orc's attack. The river rat closely misses you.
The iron imp hits you but does no damage.
You hit the iron imp but do no damage.
The iron imp is severely wounded.
You hit the river rat.
You kill the river rat!
The river rat's corpse disappears in a puff of smoke!
You hear the slow hiss of a very distant avalanche of sand.
The orc barely misses you. The iron imp hits you!
You die...

.....!......(#
.............#
.............#
.............####
.................
.......o...¤....)
$........¤@.>....
#<)@5.¤....
######¤.... ... .


You could see Eustachio, an iron imp (summoned) and an orc.

Vanquished Creatures
  An ogre (D:3)
  A scorpion (D:3)
  Jessica (D:2)
  An orc wizard (D:4)
  3 gnolls (D:2)
  7 adders
  A river rat (D:3)
  4 worms (D:3)
  4 dart slugs
  3 orcs
  9 endoplasms
  7 giant cockroaches
  8 goblins
  6 hobgoblins
  4 kobolds
  2 quokkas (D:1)
  13 ball pythons
  6 bats
  3 frilled lizards
  12 rats
96 creatures vanquished.

Notes
Turn   | Place    | Note
-------+----------+-------------------------------------------
     0 | D:1      | qw the Gargoyle Fighter began the quest for the Orb.
     0 | D:1      | Reached XP level 1. HP: 14/14 MP: 1/1
     0 | D:1      | 0 ||| qw: Version: 0.2-a-12-gaebbb33
     0 | D:1      | 0 ||| qw: Game counter: 1218
     0 | D:1      | 0 ||| qw: Always use a shield: true
     0 | D:1      | 0 ||| qw: God list: Okawaru
     0 | D:1      | 0 ||| qw: Allow faded altars: false
     0 | D:1      | 0 ||| qw: Do Orc after D:15 true
     0 | D:1      | 0 ||| qw: Do second Lair branch before Depths: true
     0 | D:1      | 0 ||| qw: Lair rune preference: random
     0 | D:1      | 0 ||| qw: Plans: Normal, Zot:1-4, God:TSO, Crypt, Tomb,
                  | Pan, Slime:5, Hells, Abyss, Orb
     0 | D:1      | 0 ||| PLANNING D:1-11
    80 | D:1      | Reached skill level 2 in Axes
   147 | D:1      | Reached XP level 2. HP: 19/19 MP: 2/2
   160 | D:1      | 160 ||| Stepping ~*~*~tactically~*~*~ (stealth).
   189 | D:1      | 189 ||| Stepping ~*~*~tactically~*~*~ (stealth).
   316 | D:1      | Reached skill level 3 in Axes
   365 | D:1      | Reached XP level 3. HP: 23/23 MP: 3/3
   733 | D:1      | 733 ||| UPGRADING to +0 chain mail.
   743 | D:1      | 743 ||| DROPPING +0 scale mail.
   744 | D:1      | 744 ||| READING scroll labelled GUAFUTAU FITWU.
   745 | D:1      | 745 ||| READING scroll labelled QIZEJU GOONNA.
   789 | D:1      | 789 ||| READING 2 scrolls labelled GIBBAR FELOVORPH.
   790 | D:1      | 790 ||| DRINKING 2 murky golden potions.
   791 | D:1      | 791 ||| DROPPING scroll of fear.
   922 | D:2      | 922 ||| Stepping ~*~*~tactically~*~*~ (stealth).
   924 | D:2      | 924 ||| Stepping ~*~*~tactically~*~*~ (stealth).
   944 | D:2      | 944 ||| FLEEEEING.
   962 | D:2      | 962 ||| FLEEEEING.
   963 | D:2      | 963 ||| STAIRDANCE
  1015 | D:1      | 1015 ||| READING 2 scrolls labelled LUANIPP OLOUH.
  1016 | D:1      | 1016 ||| DROPPING scroll of summoning.
  1032 | D:2      | 1032 ||| Stepping ~*~*~tactically~*~*~ (stealth).
  1050 | D:2      | Reached XP level 4. HP: 27/28 MP: 4/4
  1091 | D:2      | Reached skill level 4 in Axes
  1218 | D:2      | Noticed Jessica
  1219 | D:2      | 1219 ||| Stepping ~*~*~tactically~*~*~ (hiding).
  1228 | D:2      | Killed Jessica
  1477 | D:2      | Reached XP level 5. HP: 32/32 MP: 5/5
  1508 | D:2      | Found a runed translucent door.
  1509 | D:2      | Noticed Crazy Yiuf
  1926 | D:2      | 1926 ||| UPGRADING to scarf of repulsion.
  1931 | D:2      | 1931 ||| UPGRADING to amulet of reflection.
  1936 | D:2      | 1936 ||| READING scroll labelled CIETOH PYIR.
  1965 | D:3      | 1965 ||| PLANNING SEWER
  2347 | D:3      | Noticed an ogre
  2354 | D:3      | HP: 7/32 [ogre/+0 giant club (15)]
  2359 | D:3      | Killed an ogre
  2360 | D:3      | Reached skill level 5 in Axes
  2696 | D:3      | 2696 ||| RIP SEWER
  2703 | D:3      | 2703 ||| PLANNING D:1-11
  2746 | D:3      | Reached XP level 6. HP: 37/37 MP: 6/6
  2767 | D:3      | 2767 ||| Stepping ~*~*~tactically~*~*~ (stealth).
  2770 | D:3      | 2770 ||| Stepping ~*~*~tactically~*~*~ (stealth).
  2784 | D:3      | 2784 ||| Stepping ~*~*~tactically~*~*~ (stealth).
  2797 | D:3      | 2797 ||| Stepping ~*~*~tactically~*~*~ (stealth).
  2978 | D:3      | 2978 ||| Stepping ~*~*~tactically~*~*~ (hiding).
  3157 | D:3      | 3157 ||| Stepping ~*~*~tactically~*~*~ (stealth).
  3170 | D:3      | Reached skill level 6 in Axes
  3178 | D:3      | 3178 ||| FLEEEEING.
  3515 | D:3      | 3515 ||| DROPPING ring of magical power.
  3516 | D:3      | 3516 ||| READING 2 scrolls labelled QUB ZEJA WAAQA.
  3517 | D:3      | 3517 ||| READING scroll labelled CYEMAF ES AWA.
  3518 | D:3      | 3518 ||| READING scroll labelled RUOTOD KUNNYTH.
  3522 | D:3      | 3522 ||| READING 2 scrolls of identify.
  3522 | D:3      | 3522 ||| IDENTIFYING pink potion
  3523 | D:3      | 3523 ||| DROPPING scroll of immolation.
  3535 | D:4      | Noticed Eustachio
  3536 | D:4      | 3536 ||| PLANNING OSSUARY
  3559 | D:4      | HP: 9/38 [iron imp[Eustachio] (2)]
  3561 | D:4      | HP: 4/38 [river rat[Eustachio] (1)]
  3568 | D:4      | HP: 1/38 [crimson imp[Eustachio] (1)]
  3569 | D:4      | Reached skill level 1 in Dodging
  3576 | D:4      | Slain by an iron imp

Levels and vault maps discovered:
D:1:      minmay_arrival_doors, layout_loops_ring, minmay_indecisive_spiral
D:2:      layout_loops_cross, uniq_crazy_yiuf_cottage, uniq_jessica
D:3:      minmay_razor_zed, layout_basic, portal_sewer_entry_b
D:4:      layout_basic, nemelex_xobeh_ov_fountains_minmay,
          chequers_ossuary_entry_cave, uniq_eustachio, uniq_duvessa,
          uniq_sigmund

Skill      XL: |  1  2  3  4  5  6 |
---------------+-------------------+-----
Axes           | 2 3 4 5 6 |  6.0
Fighting       | 4 |  4.0
Dodging        | 1 |  1.0
Armour         | |  3.2
Shields        | |  3.2

Action                   |  1- 3 |  4- 6 || total
-------------------------+-------+-------++-------
Melee: War axe           |    67 |   251 ||   318
  Use: Scroll            |     4 |     5 ||     9
       Potion            |     1 |       ||     1
Armor: Scale mail        |    37 |       ||    37
       Chain mail        |     4 |   162 ||   166
Dodge: Dodged            |    39 |    79 ||   118
Block: Buckler           |    19 |   102 ||   121
       Reflection        |       |     3 ||     3

Table legend:
 A = Non-vault XP
 B = Vault XP
 C = Vault XP percentage of total XP
 D = Non-vault monster count
 E = Vault monster count
 F = Vault count percentage of total count
                 A         B        C        D         E       F
            +---------+---------+-------+---------+---------+-------
      Total |     333 |     243 |  42.2 |      63 |      33 |  34.4
            +---------+---------+-------+---------+---------+-------
        D:1 |      36 |       8 |  18.2 |      20 |       4 |  16.7
        D:2 |      97 |      37 |  27.6 |      21 |       1 |   4.5
        D:3 |     161 |     198 |  55.2 |      19 |      28 |  59.6
        D:4 |      39 |       0 |   0.0 |       3 |       0 |   0.0
            +---------+---------+-------+---------+---------+-------
